 Dungeon Crawl Stone Soup version 0.28.0-49-g6dfe1f597d (webtiles) character file.

Game seed: 4971255648194909398

1343 styxcanada the Covered (level 8, -3/106 HPs)
             Began as a Minotaur Fighter on May 13, 2022.
             Killed from afar by Dowan (8 damage)
             ... with a stone arrow
             ... on level 5 of the Dungeon.
             The game lasted 00:12:43 (3761 turns).

styxcanada the Covered (Minotaur Fighter)           Turns: 3761, Time: 00:12:43

Health: -3/106     AC: 24    Str: 23    XL:     8   Next: 35%
Magic:  7/7        EV:  2    Int:  5    God:
Gold:   130        SH:  4    Dex: 10    Spells: 7/7 levels left

rFire   . . .      SeeInvis .   a - +0 war axe
rCold   . . .      Faith    .   c - +0 buckler
rNeg    . . .      Spirit   .   (armour currently unavailable)
rPois   +          Reflect  .   (helmet currently unavailable)
rElec   .          Harm     .   (cloak currently unavailable)
rCorr   .          Rampage  .   (gloves currently unavailable)
Will    .....      NoTele   +   (boots currently unavailable)
Stlth   +.........              (no amulet)
HPRegen 0.27/turn               (no ring)
MPRegen 0.10/turn               (no ring)

@: tree-form (expiring), on berserk cooldown, slowed, very slow
A: stationary, stasis, torment immunity, boosted hp, (horns 2), (retaliatory
headbutt)
a: no special abilities


You were on level 5 of the Dungeon.
You were a tree.
You visited 1 branch of the dungeon, and saw 5 of its levels.

You collected 152 gold pieces.
You spent 22 gold pieces at shops.

Inventory:

Hand Weapons
 a - a +0 war axe (weapon)
 f - a +0 dagger of venom
 k - a +0 hunting sling
Missiles
 g - 89 stones
 n - 28 sling bullets
 p - 6 javelins (quivered)
Armour
 b - a +0 scale mail (melded)
 c - a +0 buckler (worn)
 s - a +1 cloak of willpower (melded)
Jewellery
 d - a ring of see invisible
 r - a ring of wizardry
Scrolls
 i - a scroll of amnesia {unknown}
 l - 2 scrolls of identify
 m - 2 scrolls of immolation
 o - 2 scrolls of teleportation
Potions
 h - 2 potions of cancellation
 j - 2 potions of brilliance


   Skills:
 * Level 6.9 Fighting
 + Level 7.8 Axes
 + Level 0.2 Throwing
 * Level 7.9 Armour
 + Level 1.1 Dodging
 + Level 4.5 Shields


You had 7 spell levels left.
You didn't know any spells.
Your spell library contained the following spells:

 Spells                   Type           Power      Damage    Failure   Level
 Tukima's Dance           Hex            0%         N/A       90%         3
 Passage of Golubria      Tloc           0%         N/A       100%        4
 Yara's Violent Unravell  Hex/Tmut       0%         3d3       100%        5


Dungeon Overview and Level Annotations

Branches:
Dungeon (5/15)
 Temple: D:4-7

Altars:
Dithmenos
Elyvilon
Hepliaklqana
Yredelemnul

Shops:
D:3 *   D:5 (

Annotations:
D:5 Dowan


Innate Abilities, Weirdness & Mutations

You are a tree.
Your roots penetrate the ground, keeping you stationary.
You cannot be teleported.
You are immune to unholy pain and torment.
Your maximum health is greatly increased.
Your equipment is partially melded.
((You have a pair of horns on your head.))
((You reflexively headbutt those who attack you in melee.))


Message History

You cannot move.
You cannot move.
You cannot move.
You cannot move.
Unknown command.
There are monsters nearby!
You slash something! Something hits you but does no damage. Something hits you.
* * * LOW HITPOINT WARNING * * *
You slash something!
Reactivating autopickup.
You feel a bit more experienced.
Dowan casts a spell.
Dowan blinks!
You closely miss the orc.
The orc is lightly wounded.
The orc barely misses you. The orc hits you but does no damage.
You barely miss the orc.
The orc is lightly wounded.
You hear the slow hiss of a distant avalanche of sand.
Your transformation is almost over.
Dowan shakes with grief.
Dowan mumbles some strange words.
Dowan blinks!
The orc hits you but does no damage. x2
You hit the orc.
The orc is heavily wounded.
The orc hits you but does no damage.
You closely miss the orc.
The orc is heavily wounded.
Dowan casts a spell.
Dowan blinks!
The orc hits you with a +0 short sword.
* * * LOW HITPOINT WARNING * * *
The orc hits you but does no damage.
You slash the orc!
You kill the orc!
You cannot move.
Unknown command.
Dowan is nearby!
Dowan gestures at you while chanting. The stone arrow hits you!
You die...

..# #########.#.# #
#.. ..# #.....#####
###..##.#
###.#........
.........#
#..∩..###....
.......#.....#.#...+
...
......##..#####$#####
.. .....#.#..))....#
# .e.##.#...#######
..#.##(...e)♣.#
#.#.#...)###.#
#.#.....# .# #...o..#
.# #..h...# .#
#$.....# .# #.oo...#
.# #.#.....# .#
#.#.#....#


You could see Dowan (fast).

Vanquished Creatures
  Pikel (D:4)
  Duvessa (D:5)
  A phantom (D:4)
  An ogre (D:5)
  3 scorpions
  A water moccasin zombie (D:4)
  A gnoll shaman (D:5)
  A hound (D:5)
  An iguana (D:4)
  An orc priest (D:5)
  An orc wizard (D:5)
  Natasha (twice) (D:4)
  Robin (D:4)
  5 gnolls (D:5)
  5 adders
  An adder skeleton (D:4)
  3 worms
  4 dart slugs
  6 orcs
  5 ball pythons
  6 endoplasms
  A giant cockroach (D:3)
  15 goblins
  5 hobgoblins
  2 kobolds (D:4)
  3 quokkas
  4 bats
  4 frilled lizards
  3 rats
88 creatures vanquished.

Notes
Turn   | Place    | Note
-------+----------+-------------------------------------------
     0 | D:1      | styxcanada the Minotaur Fighter began the quest for the
                  | Orb.
     0 | D:1      | Reached XP level 1. HP: 19/19 MP: 0/0
   232 | D:1      | Found a faded altar of an unknown god.
   235 | D:1      | Reached XP level 2. HP: 27/27 MP: 1/1
   736 | D:2      | Reached XP level 3. HP: 28/34 MP: 2/2
  1305 | D:3      | Found Lierph's General Store.
  1329 | D:3      | Bought a scroll of identify for 22 gold pieces
  1402 | D:3      | Reached XP level 4. HP: 24/41 MP: 3/3
  1736 | D:3      | Reached skill level 5 in Fighting
  2028 | D:3      | Found a hazy altar of Hepliaklqana.
  2028 | D:3      | Found a shadowy altar of Dithmenos.
  2030 | D:3      | Noticed a shadow
  2169 | D:4      | Noticed a phantom
  2177 | D:4      | Killed a phantom
  2178 | D:4      | Reached skill level 5 in Armour
  2178 | D:4      | Reached XP level 5. HP: 31/48 MP: 4/4
  2231 | D:4      | Noticed Robin
  2255 | D:4      | Killed Robin
  2450 | D:4      | Reached skill level 5 in Axes
  2450 | D:4      | Reached XP level 6. HP: 44/56 MP: 5/5
  2579 | D:4      | Found a white marble altar of Elyvilon.
  2623 | D:4      | Noticed Natasha
  2627 | D:4      | Killed Natasha
  2634 | D:4      | Noticed Pikel
  2645 | D:4      | HP: 2/56 [Pikel/+0 whip of electrocution (14)]
  2655 | D:4      | Killed Pikel
  2656 | D:4      | Reached XP level 7. HP: 4/63 MP: 6/6
  2959 | D:4      | Found a basalt altar of Yredelemnul.
  3046 | D:4      | Reached skill level 1 in Dodging
  3619 | D:4      | Noticed Natasha
  3627 | D:4      | Killed Natasha
  3663 | D:5      | Entered Level 5 of the Dungeon
  3684 | D:5      | Found Doorch's Antique Weapon Boutique.
  3701 | D:5      | Reached XP level 8. HP: 50/71 MP: 7/7
  3721 | D:5      | Noticed Dowan
  3722 | D:5      | Noticed Duvessa
  3743 | D:5      | Killed Duvessa
  3754 | D:5      | HP: 4/106 [something (3)]
  3759 | D:5      | HP: 4/106 [orc/+0 short sword (2)]
  3761 | D:5      | Killed from afar by Dowan

Illustrated notes

Levels and vault maps discovered:
D:1:      roderic_chinese_lattice_arrival, layout_rooms,
          ebering_ecumenical_altar_rust
D:2:      layout_loops_ring, minmay_tromino_v4_a
D:3:      layout_loops_ring, riverfiend_overflow_shadow_ancestor, serial_shops,
          nicolae_shop_crystal
D:4:      layout_basic, kennysheep_ying_yang, uniq_pikel, uniq_robin,
          uniq_natasha
D:5:      layout_basic, grunt_gozag_statues, minmay_temple_entry_junction,
          serial_shops, nicolae_shop_crystal, enter_ossuary_5,
          minmay_misc_feat_secret_circle, uniq_duvessa

Skill      XL: |  1  2  3  4  5  6  7 |
---------------+----------------------+-----
Fighting       | 4 5 6 |  6.9
Axes           | 3 5 6 7 |  7.8
Armour         | 4 5 6 7 |  7.9
Shields        | 4 |  4.5
Dodging        | 1 |  1.1
Throwing       | |  0.2

Action                   |  1- 3 |  4- 6 |  7- 9 || total
-------------------------+-------+-------+-------++-------
Melee: War axe           |    72 |    68 |    71 ||   211
       Headbutt          |     8 |     5 |    10 ||    23
Throw: Javelin           |     2 |     1 |     5 ||     8
  Use: Scroll            |       |     7 |       ||     7
       Potion            |       |     1 |     2 ||     3
Armor: Scale mail        |    33 |    34 |    24 ||    91
       Skin              |       |       |    14 ||    14
Dodge: Dodged            |    30 |    46 |    25 ||   101
Block: Buckler           |    19 |    24 |    15 ||    58
